 Dungeon Crawl Stone Soup version 0.28.0-45-g0d030f2227 (webtiles) character file.

Game seed: 11644767395676536096

95 Kziril the Skirmisher (level 4, -1/30 HPs)
             Began as a Gargoyle Fighter on Apr 20, 2022.
             Was a Believer of Kikubaaqudgha.
             Slain by a river rat (7 damage)
             ... on level 3 of the Dungeon.
             The game lasted 00:03:25 (2024 turns).

Kziril the Skirmisher (Gargoyle Fighter)            Turns: 2024, Time: 00:03:25

Health: -1/30      AC: 13    Str: 20    XL:     4   Next: 66%
Magic:  4/4        EV:  7    Int:  8    God:    Kikubaaqudgha [**....]
Gold:   63         SH:  4    Dex: 11    Spells: 3/3 levels left

rFire   . . .      SeeInvis .   a - +0 flail
rCold   . . .      Faith    .   c - +0 buckler
rNeg    + . .      Spirit   .   k - +0 chain mail
rPois   ∞          Reflect  .   (no helmet)
rElec   +          Harm     .   (no cloak)
rCorr   .          Rampage  .   (no gloves)
Will    .....                   (no boots)
Stlth   ..........              (no amulet)
HPRegen 0.10/turn               (no ring)
MPRegen 0.09/turn               (no ring)

@: no status effects
A: sickness immunity, AC +3, negative energy resistance 1, electricity
resistance, torment resistance 1, petrification resistance
a: Renounce Religion, Receive Corpses


You were on level 3 of the Dungeon.
You worshipped Kikubaaqudgha.
Kikubaaqudgha was pleased with you.
You visited 1 branch of the dungeon, and saw 3 of its levels.

You collected 63 gold pieces.

Inventory:

Hand Weapons
 a - a +0 flail (weapon)
Armour
 c - a +0 buckler (worn)
 k - a +0 chain mail (worn)
Scrolls
 b - a scroll of brand weapon {unknown}
 f - a scroll of identify {unknown}
 i - a scroll of teleportation {unknown}
 j - a scroll of vulnerability {unknown}
Potions
 d - 2 potions of might
 e - a potion of haste {unknown}
 g - a potion of flight {unknown}
 h - 2 potions of heal wounds {unknown}
 l - a potion of invisibility {unknown}


   Skills:
 * Level 4.4 Fighting
 + Level 2.7 Maces & Flails
 + Level 3.9 Armour
 + Level 3.9 Shields


You had 3 spell levels left.
You didn't know any spells.
Your spell library contained the following spells:

 Spells                   Type           Power      Damage    Failure   Level
 Animate Skeleton         Necr           0%         N/A       99%         1
 Summon Small Mammal      Summ           0%         N/A       99%         1
 Corpse Rot               Necr/Air       0%         N/A       100%        2
 Call Canine Familiar     Summ           0%         N/A       100%        3
 Summon Guardian Golem    Hex/Summ       0%         N/A       100%        3
 Vampiric Draining        Necr           0%         2d6       100%        3
 Agony                    Necr           0%         N/A       100%        5


Dungeon Overview and Level Annotations

Branches:
Dungeon (3/15)

Altars:
Kikubaaqudgha

Annotations:
D:3 Robin


Innate Abilities, Weirdness & Mutations

You are immune to sickness and miasma.
Your stone body is resilient. (AC +3)
You are immune to poison.
You resist negative energy. (rN+)
You are resistant to electric shocks. (rElec)
You are resistant to unholy torment.
You are immune to petrification.


Message History

You closely miss the hobgoblin.
The hobgoblin is almost dead.
The hobgoblin barely misses you. The adder closely misses you.
The hobgoblin barely misses you.
You hit the hobgoblin.
You kill the hobgoblin!
Kikubaaqudgha accepts your kill.
The adder bites you but does no damage. x2; The ball python barely misses you.
The ball python grabs you. The ball python constricts you.
You closely miss the ball python. The adder barely misses you.
You block the ball python's attack. The ball python constricts you.
The adder bites you but does no damage.
The ball python bites you but does no damage.
The ball python constricts you.
You closely miss the ball python. The adder bites you but does no damage.
You block the ball python's attack. The ball python constricts you.
The adder closely misses you.
Robin roars a battlecry!
The goblin goes into a battle-frenzy!
You hear a shout!
You hit the ball python.
You kill the ball python!
Kikubaaqudgha accepts your kill.
Kikubaaqudgha is now protecting you from necromantic miscasts and death curses.
The adder bites you but does no damage.
The river rat bites you but does no damage.
The adder bites you but does no damage.
You barely miss the river rat. You block the adder's attack.
The river rat bites you!
* * * LOW HITPOINT WARNING * * *
You hit the river rat but do no damage. The adder bites you but does no damage.
The river rat bites you.
* * * LOW HITPOINT WARNING * * *
The adder bites you but does no damage.
Unknown command.
You sock the river rat!
The river rat is severely wounded.
The river rat bites you!
You die...
Kikubaaqudgha rasps: "You have failed me!
Welcome... oblivion!" ≈... .r. ... # gg.S ... .. g.r

..# #..
#g.####.#
#.#.##g#...#r#
#..........#S#
#........# #@#
..!....g>###r#
#....#...).gg#
### #.....###
#.#.#.#
#.#...#######
#..#.###........
#......<.######.
.....#.#.#....#


You could see Robin, an adder, a river rat, a goblin (strong) and a rat.

Vanquished Creatures
  3 adders (D:2)
  A river rat (D:3)
  2 worms (D:2)
  2 dart slugs
  A bat (D:2)
  3 endoplasms
  2 giant cockroaches (D:1)
  9 hobgoblins
  4 kobolds
  2 quokkas
  4 ball pythons
  2 frilled lizards
  8 goblins
  4 rats (D:1)
47 creatures vanquished.

Notes
Turn   | Place    | Note
-------+----------+-------------------------------------------
     0 | D:1      | Kziril the Gargoyle Fighter began the quest for the Orb.
     0 | D:1      | Reached XP level 1. HP: 14/14 MP: 1/1
   198 | D:1      | Reached XP level 2. HP: 19/19 MP: 2/2
   603 | D:1      | Reached XP level 3. HP: 15/24 MP: 3/3
   893 | D:2      | Found a faded altar of an unknown god.
   920 | D:2      | Reached skill level 4 in Fighting
   927 | D:2      | Prayed at the altar of an unknown god.
   927 | D:2      | Became a worshipper of Kikubaaqudgha
   927 | D:2      | Reached * piety under Kikubaaqudgha
   927 | D:2      | Received a gift from Kikubaaqudgha
  1532 | D:2      | Reached XP level 4. HP: 29/29 MP: 4/4
  1982 | D:3      | Noticed Robin
  2021 | D:3      | Reached ** piety under Kikubaaqudgha
  2024 | D:3      | Slain by a river rat

Illustrated notes

Levels and vault maps discovered:
D:1:      dpeg_arrival_line_fractal, layout_rooms
D:2:      layout_basic, hellmonk_ecumenical_altar_arch_garden,
          grunt_ministairs_12, minmay_misc_feat_rugged
D:3:      minmay_door_path, layout_basic, nicolae_qazlal_scattered_showers,
          nicolae_vehumet_altar_sigil, mainiacjoe_overflow_boulevard,
          portal_sewer_entry_a, minmay_misc_feat_pillars, uniq_robin

Skill      XL: |  1  2  3 |
---------------+----------+-----
Fighting       | 4 |  4.4
Maces & Flails | |  2.7
Armour         | |  3.9
Shields        | |  3.9

Action                   |  1- 3 |  4- 6 || total
-------------------------+-------+-------++-------
Melee: Flail             |    75 |    57 ||   132
Armor: Scale mail        |    34 |       ||    34
       Chain mail        |     6 |    72 ||    78
Dodge: Dodged            |    18 |    31 ||    49
Block: Buckler           |    14 |    22 ||    36
